 Dungeon Crawl Stone Soup version 0.31-a0-198-g2ad674f65e (webtiles) character file.

Game seed: 8115725858160311895

72 qw the Shooter (level 4, -4/24 (25) HPs)
             Began as a Deep Elf Hunter on June 25, 2023.
             Slain by a goblin
             ... wielding a +0 club
             ... led by Robin
              (6 damage)
             ... on level 3 of the Dungeon.
             The game lasted 00:00:32 (1451 turns).

qw the Shooter (Deep Elf Hunter)                    Turns: 1451, Time: 00:00:33

HP:   -4/24 (25)    AC:  3    Str: 10    XL:     4   Next: 7%
MP:   6/6           EV: 12    Int: 14    God:
Gold: 113           SH:  0    Dex: 18    Spells: 3/3 levels left

rFire   . . .        Y - +0 shortbow
rCold   + . .        (shield currently unavailable)
rNeg    . . .        c - +0 leather armour
rPois   .            (no helmet)
rElec   .            (no cloak)
rCorr   .            (no gloves)
SInv    .            (no boots)
Will    .....        (no amulet)
Stlth   ++           e - ring of protection from cold
HPRegen 0.24/turn    (no ring)
MPRegen 0.10/turn

%: no passive effects
@: lightly drained
A: no striking features
a: no special abilities


You were on level 3 of the Dungeon.
You visited 1 branch of the dungeon, and saw 3 of its levels.

You collected 113 gold pieces.


   Skills:
 - Level 1.5 Fighting
 + Level 7.5 Ranged Weapons
 - Level 2.4 Dodging
 - Level 1.2 Stealth


You had 3 spell levels left.
You didn't know any spells.
Your spell library was empty.

Inventory:

Hand Weapons
 Y - a +0 shortbow (weapon)
Armour
 c - a +0 leather armour (worn)
Jewellery
 d - an amulet of reflection
 e - a ring of protection from cold (left hand)
Scrolls
 a - a scroll of identify
Potions
 b - a potion of invisibility {unknown}
 h - a potion of curing

Dungeon Overview and Level Annotations

Branches:
Dungeon (3/15)

Altars:

Shops:
D:2 =   D:3 (

Annotations:
D:2 1 runed translucent door, Crazy Yiuf
D:3 Robin


Message History

The arrow hits the goblin!
You kill the goblin!
The goblin barely misses you.
You shoot an arrow. The arrow hits the goblin.
The goblin is moderately wounded.
The goblin closely misses you.
The endoplasm jiggles.
You shoot an arrow. The arrow hits the goblin.
You kill the goblin!
Robin throws the goblin at you! The goblin hits you but does no damage.
You have reached level 4!
You feel clever.
You shoot an arrow. The arrow hits the endoplasm!
You kill the endoplasm!
The goblin hits you with a +0 club.
You shoot an arrow. The arrow hits the goblin.
You kill the goblin!
Robin throws the goblin at you! The goblin hits you but does no damage.
You feel drained. The goblin hits you with a +0 club.
You shoot an arrow. The arrow hits the goblin!
You kill the goblin!
The goblin hits you with a +1 dagger of draining.
You feel drained. The goblin barely misses you.
You shoot an arrow.
The arrow hits the rat but does no damage.
The goblin closely misses you. The rat closely misses you.
The goblin closely misses you.
You shoot an arrow. The arrow closely misses the rat.
The goblin barely misses you. The rat bites you. The goblin closely misses you.
You shoot an arrow. The arrow closely misses the rat.
The goblin closely misses you. The rat barely misses you.
Robin laughs in a distinctly smug fashion.
The goblin hits you but does no damage. The rat bites you.
The goblin barely misses you. The goblin hits you with a +0 club.
You shoot an arrow. The arrow hits the rat!
You kill the rat!
The goblin completely misses you. The goblin barely misses you.
You shoot an arrow. The arrow hits Robin.
Robin is moderately wounded.
The goblin hits you with a +0 club.
You die...

..... ......# ..###.
....... ...... ......#
#.#### ......# #.#... .#
......# #.#... ...#
.)....# #.....
.....###gK....# ###...
.......@#############...
......gg..............##
#####.............#####
###.........###
###.....### #######


You could see Robin, 2 goblins and a kobold.

Vanquished Creatures
  2 adders (D:2)
  A worm (D:2)
  4 endoplasms
  A giant cockroach (D:2)
  12 goblins
  3 hobgoblins
  5 kobolds
  2 quokkas
  5 ball pythons
  6 bats
  4 frilled lizards
  3 rats
48 creatures vanquished.

Notes
Turn   | Place    | Note
-------+----------+-------------------------------------------
     0 | D:1      | qw the Deep Elf Hunter began the quest for the Orb.
     0 | D:1      | Reached XP level 1. HP: 12/12 MP: 3/3
     0 | D:1      | 0 ||| qw: Version: 0.3-a-22-g0ed2b0b
     0 | D:1      | 0 ||| qw: Game counter: 4976
     0 | D:1      | 0 ||| qw: Melee chars always use a shield: true
     0 | D:1      | 0 ||| qw: God list: Okawaru
     0 | D:1      | 0 ||| qw: Allow faded altars: false
     0 | D:1      | 0 ||| qw: Do Orc after clearing Dungeon:15 true
     0 | D:1      | 0 ||| qw: Do second Lair branch before Depths: true
     0 | D:1      | 0 ||| qw: Lair rune preference: random
     0 | D:1      | 0 ||| qw: Goals: Normal
     0 | D:1      | 0 ||| PLANNING D:1-11
   118 | D:1      | Reached XP level 2. HP: 16/16 MP: 4/4
   144 | D:1      | Reached skill level 6 in Ranged Weapons
   223 | D:1      | 223 ||| FLEEEEING.
   392 | D:1      | 392 ||| DROPPING +6 ring of intelligence.
   393 | D:1      | 393 ||| READING 2 scrolls labelled HEACUOT PUCOUX.
   394 | D:1      | 394 ||| DROPPING scroll of butterflies.
   447 | D:2      | Found Buuteqob's Jewellery Boutique.
   458 | D:2      | Reached XP level 3. HP: 9/20 MP: 5/5
   459 | D:2      | HP: 5/20 [poisoned by an adder]
   462 | D:2      | Reached skill level 7 in Ranged Weapons
   545 | D:2      | 545 ||| SHOPLISTING +5 ring of evasion (396 gold, have 54).
   545 | D:2      | 545 ||| SHOPLISTING +6 ring of dexterity (396 gold, have
                  | 54).
   545 | D:2      | 545 ||| SHOPLISTING amulet of reflection (330 gold, have
                  | 54).
   545 | D:2      | 545 ||| SHOPLISTING ring of see invisible (165 gold, have
                  | 54).
   545 | D:2      | 545 ||| SHOPLISTING ring of willpower (275 gold, have 54).
   649 | D:2      | Found a runed translucent door.
   650 | D:2      | Noticed Crazy Yiuf
  1149 | D:2      | 1149 ||| UPGRADING to ring of protection from cold.
  1150 | D:2      | 1150 ||| READING scroll labelled DULASO TIAHA.
  1151 | D:2      | 1151 ||| READING 5 scrolls of identify.
  1151 | D:2      | 1151 ||| IDENTIFYING inky potion
  1152 | D:2      | 1152 ||| READING 4 scrolls of identify.
  1152 | D:2      | 1152 ||| IDENTIFYING fizzy puce potion
  1153 | D:2      | 1153 ||| READING 3 scrolls of identify.
  1153 | D:2      | 1153 ||| IDENTIFYING black potion
  1154 | D:2      | 1154 ||| READING 2 scrolls of identify.
  1154 | D:2      | 1154 ||| IDENTIFYING lumpy silvery potion
  1155 | D:2      | 1155 ||| DROPPING potion of lignification.
  1156 | D:2      | 1156 ||| DROPPING potion of brilliance.
  1157 | D:2      | 1157 ||| DROPPING potion of attraction.
  1229 | D:3      | 1229 ||| FLEEEEING.
  1230 | D:3      | 1230 ||| STAIRDANCE
  1383 | D:3      | Found Osyhovu's Antique Weapon Emporium.
  1436 | D:3      | Noticed Robin
  1444 | D:3      | Reached XP level 4. HP: 23/25 MP: 6/6
  1449 | D:3      | HP: 2/23 [goblin/+0 club[Robin] (5)]
  1451 | D:3      | Slain by a goblin

Levels and vault maps discovered:
D:1:      roderic_dead_forest, layout_rooms
D:2:      layout_loops_cross, serial_shops, shop, uniq_crazy_yiuf_cottage
D:3:      layout_basic, hellmonk_ecumenical_altar_zigzags, serial_shops,
          nicolae_shop_tiny_statue_garden, uniq_robin

Skill      XL: |  1  2  3 |
---------------+----------+-----
Ranged Weapons | 6 7 |  7.5
Fighting       | |  1.5
Dodging        | |  2.4
Stealth        | |  1.2

Action                     |  1- 3 |  4- 6 || total
---------------------------+-------+-------++-------
   Fire: Shortbow          |    99 |     8 ||   107
    Use: Scroll            |     6 |       ||     6
 Armour: Leather armour    |    14 |     3 ||    17
  Dodge: Dodged            |    34 |    11 ||    45

Table legend:
 A = Non-vault XP
 B = Vault XP
 C = Vault XP percentage of total XP
 D = Non-vault monster count
 E = Vault monster count
 F = Vault count percentage of total count
                 A         B        C        D         E       F
            +---------+---------+-------+---------+---------+-------
      Total |      88 |      16 |  15.4 |      39 |       9 |  18.8
            +---------+---------+-------+---------+---------+-------
        D:1 |      25 |       0 |   0.0 |      16 |       0 |   0.0
        D:2 |      51 |       0 |   0.0 |      16 |       0 |   0.0
        D:3 |      12 |      16 |  57.1 |       7 |       9 |  56.2
            +---------+---------+-------+---------+---------+-------
